 Dungeon Crawl Stone Soup version 0.31.0-11-ge490571c62 (webtiles) character file.

Game seed: 5715282652459721020

1952 Flugkiller the Frost Mage (level 9, -3/39 HPs)
             Began as a Vine Stalker Ice Elementalist on Feb 3, 2024.
             Was an Initiate of Sif Muna.
             Slain by Pikel
             ... wielding a +2 whip of electrocution
              (14 damage)
             ... on level 7 of the Dungeon.
             The game lasted 00:06:44 (1700 turns).

Flugkiller the Frost Mage (VSIE)                    Turns: 1700, Time: 00:06:44

Health: -3/39      AC: 14    Str: 12    XL:     9   Next: 18%
Magic:  0/22       EV: 12    Int: 19    God:    Sif Muna [......]
Gold:   117        SH:  0    Dex: 14    Spells: 15/25 levels left

rFire   . . .        n - +2 dagger (venom)
rCold   . . .        (no shield)
rNeg    . . .        a - +0 robe
rPois   .            (no helmet)
rElec   .            h - +2 cloak
rCorr   .            (no gloves)
SInv    .            d - +0 pair of boots
Will    ++...        (no amulet)
Stlth   ++           m - ring of willpower
HPRegen 1.06/turn    (no ring)
MPRegen 0.18/turn

%: guardian spirit
@: ice-armoured
A: fangs 3, regeneration 1, magic shield, antimagic bite, no potion heal 2
a: Renounce Religion


You were on level 7 of the Dungeon.
You worshipped Sif Muna.
Sif Muna was noncommittal.
You visited 2 branches of the dungeon, and saw 8 of its levels.
You also visited: Sewer.

You collected 117 gold pieces.

Inventory:

Hand Weapons
 b - a +2 trident of draining
   (You took it off Jeremiah on level 6 of the Dungeon)
 c - a +0 long sword
   (You found it on level 1 of the Dungeon)
 n - a +2 dagger of venom (weapon)
   (You took it off a kobold in a sewer)
Missiles
 g - a curare-tipped dart
Armour
 a - a +0 robe (worn)
 d - a +0 pair of boots (worn)
   (You found it on level 6 of the Dungeon)
 h - a +2 cloak (worn)
   (You found it on level 5 of the Dungeon)
 s - an orb of energy
   (You took it off Jeremiah on level 6 of the Dungeon)
Jewellery
 m - a ring of willpower (left hand)
   (You found it on level 5 of the Dungeon)
Wands
 v - a wand of paralysis (8)
   (You took it off an orc priest on level 6 of the Dungeon)
Scrolls
 r - a scroll of identify
 t - 2 scrolls of teleportation
Potions
 f - 2 potions of invisibility
 i - a potion of brilliance
 j - a potion of enlightenment {unknown}
 k - a potion of might {unknown}
 l - a potion of mutation {unknown}
 o - 4 potions of haste {unknown}
 q - a potion of degeneration {unknown}
 w - a potion of heal wounds


   Skills:
 - Level 1.5 Dodging
 - Level 2.4 Stealth
 + Level 8.6 Spellcasting
 + Level 9.3 Ice Magic


You had 15 spell levels left.
You knew the following spells:

 Your Spells              Type           Power      Damage    Failure   Level
a - Freeze                Ice            100%       1d10      1%          1
b - Frozen Ramparts       Ice            86%        1d13      1%          3
c - Ozocubu's Armour      Ice            43%        N/A       1%          3
d - Summon Ice Beast      Ice/Summ       25%        N/A       3%          3

Your spell library contained the following spells:

 Spells                   Type           Power      Damage    Failure   Level
 Metabolic Englaciation   Hex/Ice        12%        N/A       34%         5
 Leda's Liquefaction      Alch/Erth      4%         N/A       65%         4
 Petrify                  Alch/Erth      8%         N/A       65%         4


Dungeon Overview and Level Annotations

Branches:
Dungeon (7/15) Zot: 26923  Temple (1/1) D:7 Zot: 5957   Sewer (visited)

Altars:
Dithmenos
Elyvilon
Fedhas
Gozag
Hepliaklqana
Makhleb
Okawaru
Ru
Sif Muna
Trog
Uskayaw
Vehumet
Wu Jian
Xom
Zin

Shops:
D:1 :

Annotations:
D:7 Pikel


Innate Abilities, Weirdness & Mutations

You have razor-sharp teeth.
Your natural rate of healing is unusually fast.
When hurt, damage is shared between your health and your magic reserves.
Your bite disrupts and absorbs the magic of your enemies.
Potions cannot restore your health.


Message History

Pikel shouts!
Found a scroll of identify.
Found a bone wand.
You see here a scroll of identify.
r - a scroll of identify The white imp grins evilly.
The white imp attacks as it pursues you!
The white imp closely misses you.
The white imp disappears for a moment.
You hit the white imp. You bite the white imp.
The white imp's magic leaks into the air.
You drain its magic.
The white imp is severely wounded.
A bullfrog comes into view.
The white imp barely misses you.
You closely miss the white imp.
The bullfrog croaks.
You bite the white imp.
You kill the white imp!
Sif Muna accepts your kill.
A lemure comes into view.
The bullfrog barely misses you. The bullfrog hits you.
The steam dragon hisses angrily.
You hit the bullfrog.
The bullfrog is poisoned.
The bullfrog is moderately wounded.
The bullfrog hits you but does no damage.
A lemure comes into view.
Casting: Frozen Ramparts (safe; 1% risk of failure)
Confirm with . or Enter, or press ? or * to list all spells.
The walls around you are covered in ice.
The wall freezes the bullfrog.
The bullfrog seems to slow down.
The bullfrog closely misses you.
The wall freezes Pikel.
The wall freezes the bullfrog.
The bullfrog seems to slow down.
The bullfrog hits you but does no damage.
You hit Pikel.
Pikel is lightly wounded.
The wall freezes Pikel!
Pikel hits you with a +2 whip of electrocution.
The wall freezes the steam dragon!
The wall freezes the lemure!
The wall freezes the lemure.
The wall freezes the bullfrog.
The bullfrog closely misses you.
You hit Pikel but do no damage. You bite Pikel, but do no damage.
Pikel is moderately wounded.
The wall freezes Pikel but does no damage.
Pikel closely misses you.
The wall freezes the lemure!
The lemure hits you!
The wall freezes the lemure.
The wall freezes the bullfrog.
You kill the bullfrog!
Sif Muna accepts your kill.
You hit the steam dragon but do no damage.
The steam dragon is poisoned.
The steam dragon is moderately wounded.
The wall freezes Pikel.
Pikel barely misses you.
The wall freezes the steam dragon.
The steam dragon bites you. The steam dragon claws you.
A lemure comes into view.
The wall freezes the lemure.
You kill the lemure!
That felt strangely unrewarding.
The wall freezes the lemure.
Casting: Frozen Ramparts (safe; 1% risk of failure)
Confirm with . or Enter, or press ? or * to list all spells.
A film of ice covers your body!
The lemure shouts!
You hear a shout!
The wall freezes Pikel.
Pikel hits you but does no damage.
The wall freezes the steam dragon!
The steam dragon breathes steam at you. The ball of steam hits you!
The wall freezes the lemure!
The heat melts your icy armour.
You hit the steam dragon.
You kill the steam dragon!
Sif Muna accepts your kill.
You are engulfed in a cloud of scalding steam.
The wall freezes Pikel but does no damage.
Pikel barely misses you.
The wall freezes the lemure. x2
You kill the lemure!
That felt strangely unrewarding.
The heat melts your icy armour.
You closely miss Pikel.
Pikel is heavily wounded.
Pikel is engulfed in a cloud of scalding steam.
The wall freezes Pikel but does no damage.
Pikel hits you but does no damage.
You are electrocuted!!
* * * LOW HITPOINT WARNING * * *
The wall freezes the lemure!
The lemure misses you.
You hit Pikel.
Pikel is poisoned.
Pikel is heavily wounded.
The wall freezes Pikel.
Pikel hits you but does no damage.
The wall freezes the lemure.
The lemure hits you but does no damage.
The wall freezes the lemure.
You barely miss Pikel.
Pikel is severely wounded.
The wall freezes Pikel but does no damage.
Pikel barely misses you.
The wall freezes the lemure but does no damage.
The wall freezes the lemure!
The lemure barely misses you.
You hit Pikel.
Pikel looks as sick as possible!
Pikel is severely wounded.
The frozen ramparts melt away.
Pikel hits you but does no damage.
You are electrocuted!
You die...
Pikel says, "See you in Hell!"

##########.#...#####.
..........##......#
#.........#5####.#
#.........#.####.####
#.........#..........
#.........##..../###
#.........##5##### #
...##...#....5#K# ..
#..#.#.####..@.# ..
#......# #..###
..###...#.####..#
................#
#.....#...#....##
#..>..###.#......
#.....#......####
............#..#######
..###.....#.#.........


You could see Pikel (extremely poisoned) and 2 lemures.

Vanquished Creatures
  Jeremiah (D:6)
  Sigmund (D:4)
  A steam dragon (D:7)
  An orc warrior (D:6)
  A sky beast (D:6)
  An ice beast (D:6)
  An ogre (D:5)
  A phantom (D:5)
  2 lemures (D:7)
  Blork the orc (D:6)
  2 kobold brigands (Sewer)
  A bullfrog (D:7)
  2 orc priests (D:6)
  3 hounds
  A gnoll bouda (D:4)
  A sleepcap (D:6)
  3 iguanas
  4 orc wizards (D:6)
  13 adders
  8 gnolls (D:4)
  8 river rats (Sewer)
  A shadow imp (D:6)
  A white imp (D:7)
  5 orcs
  7 ball pythons
  3 endoplasms
  2 giant cockroaches (D:4)
  4 goblins (D:5)
  2 hobgoblins (D:4)
  3 jackals (D:5)
  A bat (D:3)
  21 kobolds
  15 rats
122 creatures vanquished.

Notes
Turn   | Place    | Note
-------+----------+-------------------------------------------
     0 | D:1      | Flugkiller the Vine Stalker Ice Elementalist began the
                  | quest for the Orb.
     0 | D:1      | Reached XP level 1. HP: 9/9 MP: 4/4
    97 | D:1      | Found Etsyalae's Book Shoppe.
   130 | D:2      | Reached XP level 2. HP: 13/13 MP: 1/6
   195 | D:3      | Found a white marble altar of Elyvilon.
   252 | D:5      | Entered Level 5 of the Dungeon
   252 | D:5      | Noticed a phantom
   265 | D:4      | Reached XP level 3. HP: 15/16 MP: 5/8
   275 | D:4      | Learned a level 3 spell: Frozen Ramparts
   279 | D:4      | Learned a level 3 spell: Ozocubu's Armour
   336 | D:5      | Noticed an ogre
   344 | D:5      | Reached XP level 4. HP: 21/21 MP: 6/10
   347 | D:5      | Killed an ogre
   348 | D:5      | Reached skill level 5 in Ice Magic
   348 | D:5      | Reached XP level 5. HP: 24/24 MP: 2/12
   360 | D:5      | Found an opulent altar of Gozag.
   473 | D:5      | Killed a phantom
   474 | D:5      | Reached XP level 6. HP: 23/28 MP: 12/14
   558 | D:4      | Noticed Sigmund
   567 | D:4      | Killed Sigmund
   568 | D:4      | Reached skill level 5 in Spellcasting
   568 | D:4      | Reached skill level 6 in Ice Magic
   576 | D:4      | Learned a level 3 spell: Summon Ice Beast
   613 | D:4      | Found a glowing drain.
   625 | Sewer    | Entered a sewer
   661 | Sewer    | Reached XP level 7. HP: 32/32 MP: 10/16
   936 | Sewer    | Reached skill level 7 in Ice Magic
  1283 | D:6      | Gained mutation: You have razor-sharp teeth. [Vine Stalker
                  | growth]
  1283 | D:6      | Reached XP level 8. HP: 34/36 MP: 13/18
  1377 | D:6      | Noticed Jeremiah
  1394 | D:6      | Killed Jeremiah
  1395 | D:6      | Reached skill level 8 in Ice Magic
  1430 | D:6      | Found a shadowy altar of Dithmenos.
  1432 | D:6      | Noticed Blork the orc
  1440 | D:6      | Killed Blork the orc
  1533 | D:6      | Reached skill level 9 in Ice Magic
  1533 | D:6      | Reached XP level 9. HP: 39/39 MP: 22/22
  1592 | D:7      | Found a staircase to the Ecumenical Temple.
  1602 | Temple   | Entered the Ecumenical Temple
  1623 | Temple   | Became a worshipper of Sif Muna the Loreminder
  1675 | D:7      | Noticed Pikel
  1700 | D:7      | Slain by Pikel

Illustrated notes

Levels and vault maps discovered:
D:1:      nagdon_arrival_double_spiral, layout_basic, serial_shops,
          nicolae_book_shop_shelving
D:2:      layout_loops_ring, serial_bayou, serial_bayou_pond_e,
          serial_bayou_ford_a, serial_bayou_pond_a, serial_bayou_lagoon_a,
          minmay_misc_feat_x, grunt_decor_fettered
D:3:      layout_basic, elyvilon_altar_5, old_standard_altar, minivault_24
D:4:      layout_loops_ring, portal_sewer_entry_d, grunt_decor_one_mirror,
          uniq_sigmund
D:5:      minmay_goblin_kobold_castle, layout_layer_cave,
          lemuel_coloured_pillars_altar, serial_library_hellmonk_semicircle
D:6:      layout_loops_ring, nicolae_dithmenos_through_a_glass_darkly,
          lemuel_mausoleum_altar_kikubaaqudgha, nicolae_half_adder,
          uniq_prince_ribbit1, uniq_jeremiah, uniq_duvessa, uniq_blork_the_orc
D:7:      layout_basic, minmay_temple_entry_tees, uniq_menkaure, uniq_pikel,
          uniq_joseph
Temple:   nicolae_temple_godzebo

Skill      XL: |  1  2  3  4  5  6  7  8 |
---------------+-------------------------+-----
Spellcasting   | 3 4 5 6 8 |  8.6
Ice Magic      | 5 6 7 9 |  9.3
Dodging        | |  1.5
Stealth        | |  2.4

Action                     |  1- 3 |  4- 6 |  7- 9 || total
---------------------------+-------+-------+-------++-------
  Melee: Long sword        |     5 |       |       ||     5
         Dagger            |    19 |    33 |   108 ||   160
         Bite              |     7 |     8 |    33 ||    48
         Punch             |       |       |     4 ||     4
   Cast: Freeze            |    18 |    16 |     7 ||    41
         Frozen Ramparts   |     1 |     4 |    20 ||    25
         Ozocubu's Armour  |       |       |     4 ||     4
         Summon Ice Beast  |       |       |     1 ||     1
    Use: Potion            |       |     2 |     1 ||     3
         Scroll            |       |       |     5 ||     5
   Stab: Sleeping          |       |       |     1 ||     1
 Armour: Robe              |    21 |    45 |    96 ||   162
  Dodge: Dodged            |    23 |    66 |    87 ||   176
